 Dungeon Crawl Stone Soup version 0.17-a0-2055-gb4e23be (webtiles) character file.

188 derrpe the Skirmisher (level 6, -11/49 HPs)
             Began as a Formicid Abyssal Knight on Oct 11, 2015.
             Was a Believer of Lugonu.
             Mangled by an ogre
             ... wielding a +0 giant club
              (19 damage)
             ... on level 3 of the Dungeon.
             The game lasted 00:04:39 (2771 turns).

derrpe the Skirmisher (Formicid Abyssal Knight)     Turns: 2771, Time: 00:04:39

Health: -11/49     AC:  5    Str: 17    XL:     6   Next: 0%
Magic:  7/7        EV: 11    Int: 12    God:    Lugonu [**....]
Gold:   142        SH:  0    Dex: 11    Spells: 0 memorised, 5 levels left

rFire  . . .     SeeInvis +     a - +1 falchion
rCold  . . .     Clarity  .     i - +0 ring mail (curse)
rNeg   . . .     SustAt   .     (no shield)
rPois  .         Gourm    .     (helmet unavailable)
rElec  .         Spirit   .     (no cloak)
rCorr  .         Warding  .     (no gloves)
rMut   .         Stasis   +     (no boots)
MR     .....                    (no amulet)
Stlth  +.........               (no ring)
                                (no ring)

@: not resistant to hostile enchantments, very unstealthy
A: permanent stasis, dig shafts and tunnels, four strong arms, antennae 3
a: Dig, Shaft Self, Depart the Abyss, Bend Space, Renounce Religion


You were on level 3 of the Dungeon.
You worshipped Lugonu.
Lugonu was pleased with you.
You were not hungry.

You visited 1 branch of the dungeon, and saw 3 of its levels.
You visited the Abyss 1 time.

You collected 142 gold pieces.

Inventory:

Hand Weapons
 a - a +1 falchion (weapon)
Missiles
 e - 34 arrows
 g - 39 stones (quivered)
Armour
 i - a cursed +0 ring mail (worn)
Scrolls
 d - 4 scrolls of identify {unknown}
 h - 2 scrolls of remove curse {unknown}
 k - a scroll of fog {unknown}
 l - a scroll of amnesia {unknown}
 m - a scroll of immolation {unknown}
Potions
 b - a potion of heal wounds
 j - a potion of flight {unknown}
 o - a potion of curing {unknown}
 r - a potion of might {unknown}
Comestibles
 c - 4 bread rations {@e1}
 f - 3 chunks of flesh {@w0}
 n - 3 fruits
 p - a royal jelly
 q - 2 meat rations {@e2}


   Skills:
 + Level 4.4 Fighting
 * Level 3.8 Long Blades
 + Level 3.4 Armour
 + Level 1.9 Dodging
 - Level 2.1 Invocations


You had 5 spell levels left.
You didn't know any spells.

Dungeon Overview and Level Annotations

Branches:
Dungeon (3/15)

Altars:
Dithmenos
Fedhas
Qazlal
Sif Muna


Innate Abilities, Weirdness & Mutations

You are under a permanent stasis effect.
You can dig through walls and to a lower floor.
Your four strong arms can wield two-handed weapons with a shield.
You have a pair of large antennae on your head (SInv).


Message History

You barely miss the ogre.
The ogre is lightly wounded.
You barely miss the ogre.
The ogre is lightly wounded.
The ogre hits you with a giant club!!
Ouch! That really hurt!
You hit the ogre.
The ogre is lightly wounded.
The ogre hits you with a giant club!
* * * LOW HITPOINT WARNING * * *
You completely miss the ogre.
The ogre is lightly wounded.
The ogre barely misses you.
You hit the ogre but do no damage.
The ogre is lightly wounded.
The ogre closely misses you.
You slash the ogre!
The ogre is moderately wounded.
The ogre hits you with a giant club!!
You die...

######### #......<.
#.#######
#######......##
...............
############.##
#.##
################.##
#.@O.............##
#.######.$.....####
#.# #.......# # #.#
#......[# { )..
+.......+ #.#
#.......# ..#
######.... #.#
#....


You could see an ogre.

Vanquished Creatures
  A scorpion (D:3)
  3 gnolls (D:2)
  4 adders
  2 oozes
  A worm (D:2)
  9 giant geckos
  An orc (D:3)
  2 ball pythons
  2 giant cockroaches (D:2)
  6 goblins
  4 hobgoblins
  2 jackals (D:2)
  6 kobolds
  11 bats
  A giant newt (D:1)
  4 rats
59 creatures vanquished.

Notes
Turn   | Place    | Note
--------------------------------------------------------------
     0 | Abyss:1  | derrpe the Formicid Abyssal Knight began the quest for the Orb.
     0 | Abyss:1  | Reached XP level 1. HP: 18/18 MP: 2/2
    71 | Abyss:1  | Noticed a giant orange brain
   106 | Abyss:2  | Noticed a neqoxec
   114 | Abyss:2  | Noticed an iron imp
   116 | D:1      | Escaped the Abyss
   125 | D:1      | Reached skill level 1 in Dodging
   290 | D:1      | Acquired Lugonu's first power
   291 | D:1      | Reached XP level 2. HP: 12/24 MP: 3/3
  1239 | D:2      | Reached XP level 3. HP: 21/30 MP: 4/4
  1519 | D:2      | Found a stormy altar of Qazlal.
  1522 | D:2      | Found a deep blue altar of Sif Muna.
  1527 | D:2      | Found a shadowy altar of Dithmenos.
  1584 | D:2      | Reached XP level 4. HP: 37/37 MP: 5/5
  1615 | D:2      | Acquired Lugonu's second power
  1660 | D:2      | Reached skill level 4 in Fighting
  1773 | D:2      | Reached XP level 5. HP: 32/42 MP: 6/6
  2354 | D:2      | Found a blossoming altar of Fedhas.
  2664 | D:3      | Noticed an ogre
  2744 | D:3      | Reached XP level 6. HP: 46/49 MP: 7/7
  2771 | D:3      | Mangled by an ogre

Vault maps used:
D:1:      dpeg_arrival_fog, kennysheep_decorative_pillar
D:2:      grunt_temple_overflow_open, fedhas_altar_4
D:3:      first_bread
Abyss:1:  guppyfry_abyss_exit_imp_island

Action                   |  1- 3 |  4- 6 || total
-------------------------+-------+-------++-------
Melee: Falchion          |    82 |   132 ||   214
Throw: Stone             |    53 |    52 ||   105
Invok: Depart the Abyss  |     1 |       ||     1
  Use: Potion            |       |     2 ||     2
  Eat: Chunk             |     2 |     4 ||     6
